 Dungeon Crawl Stone Soup version 0.32-a0-995-gb4a59205af (webtiles) character file.

Game seed: 11020779919795642894

114 jasper the Chopper (level 4, -8/26 HPs)
             Began as a Gargoyle Gladiator on Apr 22, 2024.
             Killed by divine providence
             ... invoked by an orc priest
              (14 damage)
             ... on level 3 of the Dungeon.
             The game lasted 00:03:02 (1797 turns).

jasper the Chopper (Gargoyle Gladiator)             Turns: 1797, Time: 00:03:03

Health: -8/26      AC: 14    Str: 17    XL:     4   Next: 97%
Magic:  4/4        EV:  4    Int:  9    God:
Gold:   87         SH:  0    Dex: 13    Spells: 3/3 levels left

rFire   . . .        a - +0 war axe
rCold   . . .        (no shield)
rNeg    + . .        k - +0 plate armour
rPois   ∞            c - +0 helmet
rElec   +            (no cloak)
rCorr   .            (no gloves)
SInv    .            (no boots)
Will    .....        (no amulet) Stlth
                     (no ring)
HPRegen 0.24/turn    (no ring)
MPRegen 0.09/turn

%: no passive effects
@: no status effects
A: sickness immunity, AC +3, negative energy resistance 1, electricity
resistance, torment resistance 1, petrification resistance
a: Convert to Beogh


You were on level 3 of the Dungeon.
You visited 1 branch of the dungeon, and saw 3 of its levels.

You collected 87 gold pieces.

Inventory:

Hand Weapons
 a - a +0 war axe (weapon)
Missiles
 d - 2 throwing nets
 e - a javelin
 f - 2 curare-tipped darts (quivered)
Armour
 b - a +0 leather armour
 c - a +0 helmet (worn)
 k - a +0 plate armour (worn)
Jewellery
 m - a ring of flight
Scrolls
 j - 4 scrolls of teleportation
Potions
 g - a potion of lignification {unknown}
 h - 2 potions of curing {unknown}
 i - a potion of berserk rage {unknown}
 l - 2 potions of might {unknown}
 n - a potion of magic {unknown}


   Skills:
 - Level 2.1 Fighting
 + Level 5.0 Axes
 - Level 1.7 Throwing
 - Level 2.4 Dodging


You had 3 spell levels left.
You didn't know any spells.
Your spell library was empty.

Dungeon Overview and Level Annotations

Branches:
Dungeon (3/15)

Altars:

Shops:
D:1 :


Innate Abilities, Weirdness & Mutations

You are immune to sickness and miasma.
Your stone body is resilient. (AC +3)
You are immune to poison.
You resist negative energy. (rN+)
You are resistant to electric shocks. (rElec)
You are resistant to unholy torment.
You are immune to petrification.


Message History

The orc wizard casts a spell.
The orc wizard flickers and vanishes!
Deactivating autopickup; reactivate with Ctrl-A.
You hear a shout!
An orc comes into view. It is wielding a +0 club.
You barely miss something. You closely miss the orc.
Something hits you but does no damage. The orc hits you but does no damage.
You miss something. You barely miss the orc.
Something hits you but does no damage. The orc hits you but does no damage.
You miss something. You hit the orc. Something hits you but does no damage.
The orc hits you with a +0 flail.
You take 6 damage, and have 20/26 hp.
MASSIVE DAMAGE!!
You hit something but do no damage. You hit the orc but do no damage.
Something hits you but does no damage. The orc barely misses you.
Something hits you but does no damage. The orc hits you but does no damage.
You barely miss something. You hit the orc.
The orc hits you but does no damage.
You hear some strange, mumbled words.
A puff of flame appears from out of thin air!
The puff of flame hits you but does no damage.
The orc priest miscasts a cantrip.
You hit something. You barely miss the orc.
Something hits you but does no damage. The orc hits you with a +0 flail.
The orc priest shouts, "Beogh offers mercy even to people such as you.
Join us and be reborn!" (press Y on the ability menu to convert to Beogh)
You barely miss something. You slash the orc!
You kill the orc!
Something hits you but does no damage.
The orc priest invokes the aid of Beogh against you.
Beogh smites you!
* * * LOW HITPOINT WARNING * * *
You hear a shout!
You miss something. You slash the rat!
You kill the rat!
The orc priest shouts, "Surrender to Beogh and we'll let you live!"
Something hits you but does no damage.
The orc priest invokes the aid of Beogh against you.
Beogh smites you!
Ouch! That really hurt!
You die...

########## #.#
#........###.#
#.######.....#
#.# #######
#.# #.# #.#
####.# #{@..#
#)#### #.# #o#
.o. ... #...#
#####


You could see an orc priest and an orc.

Vanquished Creatures
  Terence (D:2)
  An orc wizard (D:2)
  3 dart slugs
  4 orcs
  4 ball pythons
  A giant cockroach (D:1)
  8 goblins
  4 hobgoblins
  4 jackals (D:1)
  3 kobolds
  3 quokkas (D:2)
  5 bats
  4 frilled lizards
  4 rats
49 creatures vanquished.

Notes
Turn   | Place    | Note
-------+----------+-------------------------------------------
     0 | D:1      | jasper the Gargoyle Gladiator began the quest for the Orb.
     0 | D:1      | Reached XP level 1. HP: 12/12 MP: 1/1
   134 | D:1      | Reached skill level 3 in Axes
   201 | D:1      | Reached XP level 2. HP: 17/17 MP: 2/2
   282 | D:1      | Found Nena's Book Emporium.
   393 | D:1      | Reached XP level 3. HP: 21/21 MP: 3/3
   866 | D:2      | Noticed Terence
   894 | D:2      | HP: 1/21 [Terence/+0 flail (4)]
   897 | D:2      | Killed Terence
   898 | D:2      | Reached skill level 4 in Axes
   898 | D:2      | Reached XP level 4. HP: 2/26 MP: 4/4
  1648 | D:2      | Reached skill level 5 in Axes
  1797 | D:3      | Killed from afar by an orc priest

Illustrated notes

Levels and vault maps discovered:
D:1:      spicycebolla_arrival_xxxplode, layout_basic, serial_shops, shop,
          st_stairs_12, dk_noncrumbling_3
D:2:      layout_basic, uniq_terence
D:3:      layout_loops_ring

Skill      XL: |  1  2  3  4 |
---------------+-------------+-----
Axes           | 3 4 5 |  5.0
Fighting       | |  2.1
Throwing       | |  1.7
Dodging        | |  2.4

Action                     |  1- 3 |  4- 6 || total
---------------------------+-------+-------++-------
  Melee: War axe           |    72 |    59 ||   131
  Throw: Dart              |     4 |     3 ||     7
         Throwing net      |     2 |       ||     2
    Use: Scroll            |     3 |       ||     3
 Armour: Leather armour    |    19 |       ||    19
         Plate armour      |    60 |    85 ||   145
  Dodge: Dodged            |    29 |    16 ||    45

Table legend: (Time is in decaauts)
 A = Elapsed time spent in this place.
 B = Non-inter-level travel time spent in this place.
 C = Inter-level travel time spent in this place.
 D = Time resting spent in this place.
 E = Time spent auto-exploring this place.
 F = Levels seen in this place.
 G = Mean time per level.
                   A        B        C        D        E       F      G
               +--------+--------+--------+--------+--------+-----+--------+
         Total |   1840 |   1807 |     33 |      8 |   1350 |   3 |  613.3 |
       Dungeon |   1840 |   1807 |     33 |      8 |   1350 |   3 |  613.3 |
               +--------+--------+--------+--------+--------+-----+--------+

Top non-repeatable levels by time:
     D:2: 932 daAuts
     D:1: 853 daAuts
     D:3: 54 daAuts
